 Dungeon Crawl Stone Soup version 0.25.1-2-g60ff931df9 (webtiles) character file.

Game seed: 16324129313435467866

96 hawla the Stinger (level 4, -7/31 HPs)
             Began as a Human Venom Mage on Nov 9, 2020.
             Killed by divine providence
             ... invoked by an orc priest
              (10 damage)
             ... on level 3 of the Dungeon on Nov 10, 2020.
             The game lasted 00:11:03 (3399 turns).

hawla the Stinger (Human Venom Mage)                Turns: 3399, Time: 00:11:04

Health: -7/31      AC:  4    Str:  9    XL:     4   Next: 98%
Magic:  1/8        EV: 13    Int: 15    God:
Gold:   177        SH:  0    Dex: 16    Spells: 5/8 levels left

rFire    . . .     SeeInvis .   j - +0 falchion
rCold    . . .     Gourm    .   (no shield)
rNeg     . . .     Faith    .   a - +0 robe
rPois    .         Spirit   .   (no helmet)
rElec    .         Reflect  .   (no cloak)
rCorr    .         Harm     .   (no gloves)
MR       +....     Rnd*Rage +   (no boots)
Stlth    ++........             (no amulet)
HPRegen  0.10/turn              l - ring of protection from magic
MPRegen  0.11/turn              (no ring)

@: hasted, very quick
A: iridescent scales 1, agile 1, berserk 1
a: no special abilities


You were on level 3 of the Dungeon.
You were hungry.

You visited 1 branch of the dungeon, and saw 3 of its levels.

You collected 177 gold pieces.

Inventory:

Hand Weapons
 j - a +0 falchion (weapon)
Missiles
 d - 2 throwing nets
 m - 22 poisoned darts (quivered)
Armour
 a - a +0 robe (worn)
Jewellery
 l - a ring of protection from magic (left hand)
 p - a +6 ring of strength {unknown}
Scrolls
 b - a scroll of amnesia
 e - 4 scrolls of identify
 f - a scroll of magic mapping
 g - 2 scrolls of blinking {unknown}
 h - 2 scrolls of teleportation {unknown}
 i - a scroll of enchant weapon {unknown}
 o - a scroll of enchant armour {unknown}
 q - 2 scrolls of remove curse {unknown}
Potions
 k - 2 potions of might
 r - a potion of cancellation
 t - a potion of degeneration {unknown}
 u - a potion of magic {unknown}
Comestibles
 c - 6 rations


   Skills:
 + Level 0.8 Fighting
 + Level 2.0 Dodging
 + Level 2.3 Stealth
 + Level 2.8 Spellcasting
 + Level 1.5 Transmutations
 + Level 0.6 Air Magic
 + Level 4.0 Poison Magic


You had 5 spell levels left.
You knew the following spells:

 Your Spells              Type           Power        Failure   Level  Hunger
a - Sting                 Tmut/Pois      ##..         7%          1    #......
b - Poisonous Vapours     Pois/Air       #.....       12%         2    ##.....

Your spell library contained the following spells:

 Spells                   Type           Power        Failure   Level  Hunger
 Ignite Poison            Fire/Tmut/Pois #.......     28%         3    ###....
 Mephitic Cloud           Conj/Pois/Air  #.......     32%         3    ###....
 Olgreb's Toxic Radiance  Pois           ##......     36%         4    #####..


Dungeon Overview and Level Annotations

Branches:
Dungeon (3/15)

Altars:
Elyvilon


Innate Abilities, Weirdness & Mutations

You are partially covered in iridescent scales. (AC +2)
You are agile. (Dex +2)
You tend to lose your temper in combat.


Message History

Confirm with . or Enter, or press ? or * to list all spells.
Aiming: Sting (safe; 7% risk of failure)
Press: ? - help, Shift-Dir - straight line, f - orc priest
Aim: an orc priest, wielding a +0 club The sting hits the orc priest.
The orc priest is poisoned.
The orc priest is moderately wounded.
The orc priest hits you but does no damage.
You hit the orc priest.
The orc priest is heavily wounded.
The orc priest hits you with a +0 club.
* * * LOW HITPOINT WARNING * * *
It was a potion of cancellation.
You feel magically purged. The orc priest misses you.
You riposte.
You closely miss the orc priest.
The orc priest is heavily wounded.
It was a potion of haste.
You feel yourself speed up.
The orc priest hits you but does no damage.
The orc priest looks more healthy.
The orc priest mumbles some strange prayers to Beogh against you.
Beogh smites you!
You die...

######...#
..#........####
#...<.#.....>.#####
###.#............>#
...#)............#
#####.............#
#.........)...#
#.............#
#.#...#.....@.#
#.##.#####....#
...#..#####..o.#
##.####.#.......†.#
...####.#...#######
#####....)###
......)...#
......)####
.......#


You could see an orc priest.

Vanquished Creatures
  3 adders (D:2)
  An ooze (D:1)
  2 worms (D:2)
  A dart slug (D:1)
  4 leopard geckos
  3 orcs (D:3)
  3 bats
  4 giant cockroaches (D:2)
  6 goblins
  4 hobgoblins
  3 jackals (D:2)
  7 kobolds
  6 frilled lizards
  4 rats
  A toadstool (D:1)
52 creatures vanquished.

Vanquished Creatures (others)
  3 toadstools (D:1)
3 creatures vanquished.

Grand Total: 55 creatures vanquished

Notes
Turn   | Place    | Note
-------+----------+-------------------------------------------
     0 | D:1      | hawla the Human Venom Mage began the quest for the Orb.
     0 | D:1      | Reached XP level 1. HP: 13/13 MP: 3/3
   238 | D:1      | Reached XP level 2. HP: 8/19 MP: 0/5
  1109 | D:1      | Reached XP level 3. HP: 14/24 MP: 2/6
  1342 | D:1      | Learned a level 2 spell: Poisonous Vapours
  1473 | D:2      | Gained mutation: You are agile. (Dex +2) [potion of
                  | mutation]
  1473 | D:2      | Gained mutation: You tend to lose your temper in combat.
                  | [potion of mutation]
  1473 | D:2      | Gained mutation: You are partially covered in iridescent
                  | scales. (AC +2) [potion of mutation]
  1879 | D:2      | Reached XP level 4. HP: 30/30 MP: 4/7
  2433 | D:2      | Found a white marble altar of Elyvilon.
  3357 | D:3      | Reached skill level 4 in Poison Magic
  3399 | D:3      | Killed from afar by an orc priest

Illustrated notes

Levels and vault maps discovered:
D:1:      ldierk_water_garden, layout_basic, grunt_decor_arrowhead
D:2:      layout_loops_corners, elyvilon_altar_5
D:3:      layout_rooms, lexackson_kobold_supper

Skill      XL: |  1  2  3  4 |
---------------+-------------+-----
Poison Magic   | 4 |  4.0
Fighting       | |  0.8
Dodging        | |  2.0
Stealth        | |  2.3
Spellcasting   | |  2.8
Transmutations | |  1.5
Air Magic      | |  0.6

Action                   |  1- 3 |  4- 6 || total
-------------------------+-------+-------++-------
Melee: Unarmed           |    14 |     2 ||    16
       Falchion          |       |     3 ||     3
 Cast: Sting             |    28 |    15 ||    43
       Poisonous Vapours |     9 |    34 ||    43
  Use: Scroll            |     6 |       ||     6
       Potion            |     1 |     3 ||     4
  Eat: Chunk             |     4 |     6 ||    10
Armor: Robe              |     2 |     6 ||     8
Dodge: Dodged            |    11 |     6 ||    17
       Rpst.: Falchion   |       |     1 ||     1
